Map: Ruins of Seras

Players

PandaBearMe

  • Race: Zerg Zerg
  • League: Master

Jardozer - Winner!

  • Race: Zerg Zerg
  • League: Master

VOD

Have the link to the VOD?

Description

Time

  • Played on: Feb. 2, 2016, 1:54 a.m.
  • Length: 12:28
Show
View Real Time Build Order
Export as new Build Order

PandaBearMe Zerg 

Build Orders: Hatch First, Zergling Baneling 

Get SALT Encoding   

  12  0:02  Drone  
  13  0:14  Overlord  
  13  0:19  Drone  
  14  0:32  Drone x2  
  16  0:51  Hatchery  
  16  0:54  Drone  
  16  0:58  Drone  
  16  1:01  Drone  
  18  1:04  Extractor  
  17  1:17  Spawning Pool  
  16  1:21  Drone  
  16  1:25  Drone  
  18  1:31  Drone  
  19  1:41  Drone  
  20  1:53  Overlord  
  20  2:03  Queen x2  
  20  2:08  Baneling Nest  
  23  2:10  Zergling x2  
  23  2:14  Drone  
  25  2:17  Drone  
  26  2:28  Metabolic Boost  
  26  2:31  Zergling x2  
  26  2:33  Drone x2  
  29  2:54  Drone  
  29  2:55  Drone  
  29  2:56  Drone x3  
  34  3:04  Overlord  
  34  3:06  Drone  
  34  3:09  Drone  
  36  3:24  Drone  
  37  3:28  Hatchery  
  37  3:33  Baneling x2  
  36  3:35  Zergling x12  
  41  3:43  Zergling x2  
  41  3:44  Zergling x4  
  44  3:49  Overlord  
  44  3:57  Overlord  
  44  4:07  Overlord  
  44  4:08  Zergling x8  
  45  4:18  Zergling x12  
  45  4:20  Zergling x2  
  52  4:33  Zergling x2  
  52  4:34  Zergling x4  
  49  4:47  Zergling x4  
  49  4:52  Baneling x10  
  51  4:57  Zergling x4  
  53  5:05  Zergling x4  
  54  5:07  Hatchery  
  52  5:20  Zergling x2  
  43  5:21  Zergling x6  
  43  5:27  Zergling x4  
  46  5:36  Roach Warren  
  46  5:38  Drone x4  
  49  5:45  Drone  
  50  5:52  Lair  
  50  6:00  Zergling x10  
  51  6:04  Zergling x4, Extractor  
  51  6:05  Zergling x2  
  51  6:06  Zergling x4  
  55  6:13  Baneling  
  55  6:14  Baneling x3  
  55  6:15  Baneling x2  
  55  6:17  Zergling x4  
  57  6:21  Baneling  
  57  6:29  Zergling x8  
  57  6:37  Zergling x8  
  60  6:46  Overlord  
  59  6:49  Hatchery  
  59  6:50  Zergling x6  
  59  6:52  Glial Reconstitution  
  61  6:58  Zergling x6  
  61  7:00  Overlord  
  63  7:15  Drone  
  63  7:16  Drone x2  
  62  7:23  Drone x6  
  62  7:29  Drone x2  
  70  7:37  Extractor  
  70  7:40  Roach  
  70  7:41  Roach  
  73  7:46  Roach x3  
  73  7:51  Evolution Chamber  
  78  7:54  Roach x3  
  78  7:56  Overlord x2  
  84  8:12  Roach x4  
  85  8:20  Roach x3  
  85  8:21  Roach x3  
  85  8:23  Roach  
  98  8:31  Roach  
  98  8:32  Roach x2  
  104  8:37  Roach  
  105  8:54  Zerg Missile Weapons Level 1  
  97  9:03  Hatchery  
  92  9:10  Roach x5  
  95  9:21  Roach  
  95  9:22  Roach  
  91  9:33  Roach x4  
  99  9:39  Burrow  
  99  9:41  Extractor  
  98  9:52  Roach  
  100  9:53  Overlord x2  
  97  10:07  Roach x7  
  93  10:19  Roach x4  
  101  10:23  Drone x2  
  101  10:25  Drone  
  104  10:31  Tunneling Claws  
  104  10:36  Roach x5  
  100  10:46  Roach x2  
  100  10:47  Roach x4  
  90  10:54  Roach x2  
  94  11:01  Roach x2  
  94  11:04  Roach  
  98  11:07  Roach x2  
  102  11:13  Roach x2  
  105  11:20  Roach x2  
  106  11:26  Roach  
  106  11:28  Roach  
  110  11:35  Roach x4  
  87  11:42  Roach  
  87  11:43  Roach x2  
  77  11:47  Roach x2  
  77  11:48  Roach x2  
  77  11:52  Roach  
  72  11:58  Roach x16  
  66  12:02  Roach x2  
  66  12:03  Roach  
Show
View Real Time Build Order
Export as new Build Order

Jardozer Zerg - Winner!

Build Orders: Hatch First, Zergling Baneling 

Get SALT Encoding   

  12  0:02  Drone  
  13  0:17  Overlord  
  13  0:19  Drone  
  14  0:36  Drone x2  
  14  0:41  Drone  
  17  0:56  Hatchery  
  16  0:59  Drone  
  16  1:01  Drone  
  18  1:13  Extractor  
  18  1:16  Spawning Pool  
  16  1:19  Drone  
  16  1:22  Drone  
  18  1:33  Drone  
  19  1:43  Overlord  
  19  2:02  Drone  
  19  2:04  Queen  
  19  2:06  Zergling x2  
  23  2:09  Queen  
  23  2:10  Drone  
  23  2:12  Metabolic Boost  
  26  2:17  Drone  
  27  2:24  Drone  
  28  2:31  Zergling x2  
  28  2:33  Drone, Baneling Nest  
  29  2:45  Drone  
  29  2:47  Drone  
  29  2:49  Overlord  
  31  2:53  Drone  
  32  3:00  Drone  
  33  3:10  Hatchery  
  32  3:18  Drone  
  34  3:20  Zergling x2, Drone x2  
  34  3:21  Zergling x4  
  37  3:30  Zergling x2  
  37  3:31  Zergling x4  
  39  3:35  Drone x2  
  41  3:42  Overlord  
  41  3:46  Drone  
  42  3:50  Baneling  
  42  3:51  Baneling  
  42  3:59  Zergling x2, Queen  
  42  4:01  Zergling x8  
  42  4:02  Zergling x2  
  50  4:09  Zergling x2  
  51  4:10  Overlord  
  50  4:19  Zergling x2, Baneling x2  
  49  4:32  Zergling x2  
  49  4:33  Zergling x2  
  50  4:39  Zergling x8  
  50  4:40  Zergling x4  
  49  4:47  Zergling x2  
  49  4:48  Zergling x2  
  49  4:51  Overlord  
  49  4:52  Spine Crawler  
  50  4:53  Zergling x4  
  50  4:54  Zergling x4, Baneling x2  
  50  4:57  Baneling  
  50  4:58  Baneling  
  54  5:03  Baneling x4  
  54  5:05  Baneling x3  
  53  5:09  Zergling x6  
  53  5:11  Baneling  
  53  5:12  Zergling x4  
  57  5:15  Roach Warren  
  52  5:26  Zergling x2, Baneling x2  
  52  5:27  Zergling x8  
  57  5:36  Overlord x2  
  57  5:39  Drone x2  
  57  5:40  Drone  
  57  5:42  Extractor, Drone  
  56  6:05  Extractor  
  56  6:07  Drone x3, Overlord  
  56  6:08  Drone x3  
  56  6:09  Queen  
  63  6:12  Zergling x6  
  63  6:16  Baneling  
  63  6:17  Baneling  
  66  6:26  Overlord x2  
  66  6:29  Roach x5  
  70  6:49  Roach x6  
  82  6:55  Zergling x4  
  82  6:56  Zergling x2  
  82  6:57  Baneling x2  
  82  6:58  Baneling x2  
  85  7:11  Drone x2  
  85  7:12  Drone  
  85  7:14  Extractor  
  85  7:26  Baneling  
  85  7:27  Baneling x2  
  85  7:29  Roach x5  
  95  7:36  Drone x5  
  100  7:42  Drone x2  
  100  7:43  Drone  
  103  7:44  Lair  
  103  7:48  Evolution Chamber x2  
  101  7:55  Zergling x18  
  110  8:12  Baneling x2  
  109  8:13  Baneling x2  
  109  8:15  Roach x2  
  104  8:37  Roach x3  
  104  8:38  Roach x3  
  110  8:48  Zergling x8  
  106  8:49  Zergling x6  
  104  9:06  Roach x4  
  104  9:08  Overlord x2  
  111  9:10  Zergling x2  
  111  9:11  Zergling x4  
  111  9:15  Queen  
  113  9:19  Overlord  
  113  9:21  Zerg Missile Weapons Level 1, Glial Reconstitution  
  112  9:27  Zergling x2  
  112  9:28  Zergling x10  
  114  9:35  Roach x5  
  124  9:41  Ravager x2  
  125  9:48  Roach x3  
  130  9:54  Drone x2  
  132  10:06  Roach x6  
  137  10:14  Overlord  
  135  10:16  Zerg Ground Armor Level 1, Overlord  
  135  10:20  Overlord  
  135  10:21  Overseer  
  135  10:32  Roach x3  
  135  10:33  Roach  
  135  10:34  Roach  
  137  10:51  Roach x3  
  137  10:52  Roach  
  145  11:00  Spine Crawler  
  145  11:01  Hatchery  
  145  11:03  Overseer  
  145  11:04  Spore Crawler  
  140  11:19  Roach x3  
  133  11:40  Roach x5  
  133  11:44  Roach  
  131  11:56  Roach x2  
  133  12:14  Overseer  
  137  12:18  Hatchery  
Tags
 
Add a new tag
Caveats
  • Supply blocks, unpowered buildings, or Contaminate may cause inaccurate times.
  • Supply counts are checked every 10 seconds.